 Dungeon Crawl Stone Soup version 0.28-a0-381-g937acc2988 (webtiles) character file.

Game seed: 11320605399719908095

6713 porpoise the Destroyer (level 10, -1/59 HPs)
             Began as a Deep Elf Conjurer on Sept 2, 2021.
             Was a Priest of Vehumet.
             Engulfed by a cloud of flame (7 damage)
             ... on level 9 of the Dungeon.
             The game lasted 00:50:53 (11523 turns).

porpoise the Destroyer (Deep Elf Conjurer)         Turns: 11523, Time: 00:50:53

Health: -1/59      AC: 11    Str:  5    XL:     10   Next: 74%
Magic:  32/34      EV: 15    Int: 26    God:    Vehumet [***...]
Gold:   741        SH:  0    Dex: 13    Spells: 1/27 levels left

rFire   + . .      SeeInvis +   b - +1 hunting sling
rCold   + . .      Faith    .   (no shield)
rNeg    . . .      Spirit   .   A - +5 robe of Night {Dark Will+ SInv}
rPois   +          Reflect  .   (no helmet)
rElec   +          Harm     .   P - +1 cloak {Will+}
rCorr   +          Rampage  .   J - +1 pair of gloves
Will    +++..                   (no boots)
Stlth   +++.......              t - amulet of the acrobat
HPRegen 0.19/turn               l - ring of magical power
MPRegen 0.24/turn               L - ring of flight

@: resistant, flying
A: no striking features
a: Renounce Religion


You were on level 9 of the Dungeon.
You worshipped Vehumet.
Vehumet was most pleased with you.
You visited 2 branches of the dungeon, and saw 10 of its levels.
You also visited: Bailey.

You collected 741 gold pieces.

Inventory:

Hand Weapons
 a - a +4 short sword
 b - a +1 hunting sling (weapon)
 w - a +4 dagger
 G - a +4 spear
Missiles
 c - 55 sling bullets
 d - 328 stones (quivered ammo)
 e - 56 boomerangs
 v - 51 poisoned darts
 y - 3 throwing nets
 D - 6 atropa-tipped darts
Armour
 A - the +5 robe of Night (worn) {Dark Will+ SInv}
   (You found it on level 4 of the Dungeon)

   It shrouds the wearer in darkness, reducing the range at which they can see
   and be seen by others.
   SInv:      It lets you see invisible.
   Will:      It increases your willpower.
 B - the +0 robe of the Enchanted Forest {rElec rCorr Str-4}
   (You found it on level 7 of the Dungeon)

   Str:       It affects your strength (-4).
   rElec:     It insulates you from electricity.
   rCorr:     It protects you from acid and corrosion.
 J - a +1 pair of gloves (worn)
 P - a +1 cloak of willpower (worn)
 S - +0 steam dragon scales
Magical Staves
 q - a staff of fire
 O - a staff of death
Jewellery
 l - a ring of magical power (left hand)
 t - an amulet of the acrobat (around neck)
 H - a ring of wizardry
 L - a ring of flight (right hand)
 M - a +6 ring of dexterity
 N - a ring of positive energy
Wands
 s - a wand of flame (12)
 R - a wand of polymorph (4)
Scrolls
 f - a scroll of enchant armour
 g - a scroll of vulnerability {unknown}
 k - 2 scrolls of identify
 m - a scroll of torment
 n - a scroll of enchant weapon
 o - 5 scrolls of teleportation
 p - a scroll of fog
 u - a scroll of noise
 x - a scroll of summoning {unknown}
 E - a scroll of holy word {unknown}
 Q - 2 scrolls of magic mapping
Potions
 h - 4 potions of lignification
 i - 10 potions of curing
 j - a potion of resistance
 r - 2 potions of heal wounds
 z - a potion of might
 F - 2 potions of mutation
 I - a potion of berserk rage
 K - 2 potions of attraction


   Skills:
 - Level 5.0 Fighting
 - Level 7.0 Dodging
 + Level 4.9 Stealth
 - Level 9.0 Spellcasting
 - Level 9.0 Conjurations
 - Level 7.0 Hexes
 - Level 5.0 Translocations
 - Level 3.0 Air Magic
 - Level 5.0 Poison Magic
 + Level 4.2 Evocations


You had one spell level left.
You knew the following spells:

 Your Spells              Type           Power      Damage    Failure   Level
a - Magic Dart            Conj           100%       1d8       1%          1
b - Searing Ray           Conj           100%       3d7       1%          2
c - Fulminant Prism       Conj/Hex       26%        3d14      1%          4
d - Iskenderun's Mystic   Conj/Tloc      48%        2d11      1%          4
e - Bolt of Magma         Conj/Fire/Erth 13%        4d8       11%         5
f - Fireball              Conj/Fire      17%        3d9       6%          5
k - Blink                 Tloc           N/A        N/A       1%          2
m - Mephitic Cloud        Conj/Pois/Air  41%        N/A       1%          3

Your spell library contained the following spells:

 Spells                   Type           Power      Damage    Failure   Level
 Hailstorm                Conj/Ice       35%        3d9       2%          4
 Foxfire                  Conj/Fire      100%       2x1d9     1%          1
 Animate Skeleton         Necr           22%        N/A       4%          1
 Dazzling Flash           Conj/Hex       100%       N/A       1%          3
 Lesser Beckoning         Tloc           37%        N/A       1%          3
 Portal Projectile        Hex/Tloc       84%        N/A       1%          3
 Stone Arrow              Conj/Erth      70%        3d11      1%          3
 Ignite Poison            Fire/Tmut/Pois 20%        N/A       2%          3
 Leda's Liquefaction      Hex/Erth       14%        N/A       12%         4
 Call Canine Familiar     Summ           11%        N/A       16%         3
 Manifold Assault         Tloc           37%        N/A       19%         5
 Animate Armour           Summ/Erth      22%        N/A       45%         4
 Summon Cactus Giant      Summ           5%         N/A       100%        6
 Lehudib's Crystal Spear  Conj/Erth      17%        10d5      100%        8


Dungeon Overview and Level Annotations

Branches:
Dungeon (9/15)             Temple (1/1) D:4          Bailey (visited)
   Lair: D:8-11         Orc: D:9-12

Altars:
Ashenzari
Cheibriados
Elyvilon
Fedhas
Gozag
Hepliaklqana
Kikubaaqudgha
Makhleb
Nemelex Xobeh
Okawaru
Qazlal
Ru
Sif Muna
Uskayaw
Vehumet
Xom
Yredelemnul
Zin
The Shining One

Shops:
D:2 (   D:8 ((


Message History

v - 51 poisoned darts (gained 4)
There is an open door, spattered with blood here.
Items here: ) [ ††.
S - +0 steam dragon scales You now have 716 gold pieces (gained 11).
i - 10 potions of curing (gained 1)
You now have 722 gold pieces (gained 6).
You now have 741 gold pieces (gained 19).
There is an open door, spattered with blood here.
Things that are here:
a +0 dagger; a kobold corpse; a steam dragon corpse
d - 328 stones (gained 23)
Found a stone staircase leading down.
k - 2 scrolls of identify (gained 1)
Okay, then.
Found a dagger.
Found a glowing silver altar of Zin.
Found a ring mail.
You are engulfed in blazing flames.
You see here a +0 ring mail.
You are engulfed in blazing flames.
Blink to where?
Press: ? - help, Dir - move target You can't see that place. [the floor.]
Okay, then.
You feel protected.
You are engulfed in blazing flames.
You resist.
* * * LOW HITPOINT WARNING * * *
Blink to where?
Press: ? - help, Dir - move target
As you read the scroll of blinking, it crumbles to dust.
You are engulfed in blazing flames.
You resist.
* * * LOW HITPOINT WARNING * * *
Okay, then.
Unknown command.
Casting: Searing Ray (safe; 1% risk of failure)
Confirm with . or Enter, or press ? or * to list all spells.
You blink.
You are engulfed in blazing flames.
You resist.
You die...

....................)....####^###
.######..##.####.####....# ... .#
#..##.# #§# #....# ..... .#
####.....# ##§## #....#... ... .#
#......°°#########....^..._ .#
#######.○§§§#8#§§§○.#.#....
°°#########○○#.#.... #.# #§#
#○○#.# ... .# #@# #..#.# ##^
.####§####..#.. ....°°§°....#
#####°°°....# #########


There were no monsters in sight!

Vanquished Creatures
  A two-headed ogre (D:9)
  Pikel (D:4)
  3 orc knights (Bailey)
  Maurice (D:9)
  A troll (D:7)
  Sigmund (D:4)
  A vampire (D:8)
  A steam dragon (D:9)
  2 water moccasins (D:5)
  4 orc warriors
  2 sky beasts
  2 ogres
  3 necrophages
  2 centaurs
  A lemure (D:4)
  3 kobold brigands
  3 bullfrogs
  4 scorpions
  A water moccasin zombie (D:6)
  A water moccasin skeleton (D:5)
  3 killer bees (D:8)
  5 wights (D:7)
  2 bullfrog zombies
  2 orc priests (D:6)
  Crazy Yiuf (D:4)
  A bullfrog skeleton (D:6)
  A hound (D:7)
  2 jellies
  A centaur skeleton (D:7)
  A gnoll shaman (D:6)
  Jessica (D:3)
  2 iguanas (D:5)
  3 orc wizards
  2 hound zombies (D:5)
  2 hound skeletons
  2 howler monkey zombies
  15 gnolls
  A howler monkey skeleton (D:6)
  9 adders
  3 shadow imps
  2 ufetubi (D:5)
  A worm (D:2)
  A dart slug (D:2)
  21 orcs
  2 bats
  8 endoplasms
  3 giant cockroaches
  15 goblins
  3 hobgoblins
  4 jackals (D:2)
  6 quokkas
  4 ball pythons
  2 frilled lizards
  24 kobolds
  6 rats
199 creatures vanquished.

Vanquished Creatures (others)
  5 yaks (D:9)
  A centaur (D:9)
  22 fulminant prisms
  2 fungi (D:4)
  61 plants (D:4)
91 creatures vanquished.

Grand Total: 290 creatures vanquished

Notes
Turn   | Place    | Note
-------+----------+-------------------------------------------
     0 | D:1      | porpoise the Deep Elf Conjurer began the quest for the Orb.
     0 | D:1      | Reached XP level 1. HP: 10/10 MP: 6/6
   213 | D:1      | Found a faded altar of an unknown god.
   226 | D:1      | Got Plato's Almanac of Darkness
   388 | D:1      | Reached XP level 2. HP: 15/15 MP: 0/8
  1092 | D:2      | Reached skill level 5 in Conjurations
  1128 | D:2      | Learned a level 2 spell: Searing Ray
  1201 | D:2      | Reached XP level 3. HP: 19/19 MP: 2/9
  1649 | D:2      | Found Etwock's Weapon Shop.
  1845 | D:2      | Noticed a scorpion
  1853 | D:2      | Killed a scorpion
  1854 | D:2      | Reached XP level 4. HP: 24/24 MP: 5/11
  2545 | D:3      | Noticed Jessica
  2548 | D:3      | Killed Jessica
  2549 | D:3      | Reached XP level 5. HP: 28/28 MP: 9/13
  2584 | D:3      | Learned a level 4 spell: Fulminant Prism
  2589 | D:3      | Learned a level 4 spell: Iskenderun's Mystic Blast
  3627 | D:3      | Found a faded altar of an unknown god.
  3627 | D:3      | Found a faded altar of an unknown god.
  3629 | D:3      | Found a hazy altar of Hepliaklqana.
  3693 | D:4      | Noticed an ogre
  3696 | D:4      | Killed an ogre
  3697 | D:4      | Reached skill level 5 in Spellcasting
  3697 | D:4      | Reached skill level 1 in Fighting
  3697 | D:4      | Reached skill level 1 in Hexes
  3697 | D:4      | Reached XP level 6. HP: 18/34 MP: 15/15
  3858 | D:4      | Found a broken altar of Ashenzari.
  4148 | D:4      | Found a staircase to the Ecumenical Temple.
  4155 | Temple   | Entered the Ecumenical Temple
  4276 | Temple   | Became a worshipper of Vehumet
  4394 | D:4      | Learned a level 3 spell: Mephitic Cloud
  4557 | D:4      | Found the +5 robe of Night {Dark Will+ SInv}
  4892 | D:4      | Noticed Pikel
  4899 | D:4      | Killed Pikel
  4900 | D:4      | Reached skill level 5 in Hexes
  4900 | D:4      | Reached XP level 7. HP: 41/41 MP: 16/16
  4941 | D:4      | Noticed Sigmund
  4948 | D:4      | Killed Sigmund
  4949 | D:4      | Reached XP level 8. HP: 39/46 MP: 14/17
  5435 | D:4      | Found a runed translucent door.
  5437 | D:4      | Noticed Crazy Yiuf
  5441 | D:4      | Killed Crazy Yiuf
  5497 | D:5      | Entered Level 5 of the Dungeon
  5500 | D:5      | Reached skill level 5 in Dodging
  5779 | D:5      | Reached skill level 5 in Translocations
  5865 | D:5      | Reached skill level 1 in Poison Magic
  5866 | D:5      | Reached * piety under Vehumet
  5866 | D:5      | Offered knowledge of Shock by Vehumet.
  6335 | D:5      | Reached skill level 1 in Air Magic
  6541 | D:6      | Reached XP level 9. HP: 30/50 MP: 18/18
  6811 | D:6      | Found a sparkling altar of Nemelex Xobeh.
  7264 | D:6      | Reached skill level 5 in Poison Magic
  7406 | D:6      | Offered knowledge of Poisonous Vapours by Vehumet.
  7406 | D:6      | Reached ** piety under Vehumet
  8115 | D:7      | Noticed a troll
  8126 | D:7      | Killed a troll
  8750 | D:7      | Identified the +0 robe of the Enchanted Forest {rElec rCorr
                  | Str-4}
  8935 | D:8      | Found Foatz's Weapon Shoppe.
  8955 | D:8      | Offered knowledge of Conjure Flame by Vehumet.
  8996 | D:8      | Found Diucs's Weapon Emporium.
  9053 | D:8      | Found a flagged portal.
  9069 | Bailey   | Entered a bailey
  9085 | Bailey   | Noticed an orc knight
  9124 | Bailey   | Reached *** piety under Vehumet
  9146 | Bailey   | Noticed an orc knight
  9286 | Bailey   | Killed an orc knight
  9287 | Bailey   | Reached XP level 10. HP: 58/58 MP: 3/23
  9313 | Bailey   | Killed an orc knight
  9313 | Bailey   | Offered knowledge of Hailstorm by Vehumet.
  9314 | Bailey   | Reached skill level 5 in Fighting
  9494 | Bailey   | Noticed an orc knight
  9675 | Bailey   | Killed an orc knight
 10376 | D:8      | Learned a level 2 spell: Blink
 10382 | D:8      | Learned a level 5 spell: Fireball
 10388 | D:8      | Learned a level 5 spell: Bolt of Magma
 10814 | D:9      | Noticed Maurice
 10820 | D:9      | Killed Maurice
 10909 | D:9      | Noticed a two-headed ogre
 10913 | D:9      | Killed a two-headed ogre
 11505 | D:9      | Found a glowing silver altar of Zin.
 11523 | D:9      | Engulfed by a cloud of flame

Illustrated notes

Levels and vault maps discovered:
D:1:      nzn_arrival_depleted_hourglass, layout_basic,
          shapermc_ecumenical_altar_rom_forum
D:2:      layout_basic, serial_shops, nicolae_shop_behind_doors,
          minmay_increasing_density
D:3:      layout_basic, nicolae_hepliaklqana_ecumenical_no_more, uniq_jessica
D:4:      wad_woods_pond, layout_basic,
          mainiacjoe_overflow_concentric_impassable,
          minmay_temple_entry_enclosed_plants, uniq_pikel, uniq_sigmund,
          uniq_crazy_yiuf_cottage
D:5:      layout_rooms
D:6:      layout_loops_corners, nemelex_xobeh_ov_fountains_minmay, st_stairs_11
D:7:      layout_rooms
D:8:      layout_rooms, serial_shops, nicolae_shop_waterfront, shop_statue,
          enter_bailey_3
D:9:      minmay_razor_zed, layout_long_grid, lemuel_tele_altar,
          pdpol_wu_jian_five_deadly_venoms, lemuel_flamethrower_2, uniq_maurice
Temple:   regret_index_temple_waves

Skill      XL: |  1  2  3  4  5  6  7  8  9 10 |
---------------+-------------------------------+-----
Conjurations   | 5 6 7 9 |  9.0
Spellcasting   | 4 5 7 9 |  9.0
Fighting       | 1 3 4 5 |  5.0
Hexes          | 1 5 7 |  7.0
Dodging        | 4 7 |  7.0
Translocations | 2 3 5 |  5.0
Poison Magic   | 3 5 |  5.0
Air Magic      | 2 3 |  3.0
Evocations     | 4 |  4.2
Stealth        | 4 |  4.9

Action                   |  1- 3 |  4- 6 |  7- 9 | 10-12 || total
-------------------------+-------+-------+-------+-------++-------
Melee: Dagger            |       |       |     3 |       ||     3
       Spear             |       |       |     1 |       ||     1
       Short sword       |       |       |     4 |       ||     4
 Fire: Hunting sling     |    31 |    55 |    48 |    19 ||   153
Throw: Throwing net      |       |     1 |     1 |       ||     2
       Dart              |       |       |     5 |       ||     5
 Cast: Magic Dart        |    16 |     1 |     1 |       ||    18
       Searing Ray       |    11 |    32 |    79 |    17 ||   139
       Fulminant Prism   |       |       |    14 |     8 ||    22
       Iskenderun's Myst |       |       |     5 |     3 ||     8
       Mephitic Cloud    |       |       |     1 |     1 ||     2
       Fireball          |       |       |       |     3 ||     3
       Blink             |       |       |       |     1 ||     1
  Use: Scroll            |       |     1 |    11 |     5 ||    17
       Potion            |       |       |     1 |     1 ||     2
 Stab: Sleeping          |       |       |     1 |       ||     1
Armor: Robe              |       |     1 |     9 |     6 ||    16
Dodge: Dodged            |     4 |    13 |    54 |    20 ||    91

Table legend: (Time is in decaauts)
 A = Elapsed time spent in this place.
 B = Non-inter-level travel time spent in this place.
 C = Inter-level travel time spent in this place.
 D = Time resting spent in this place.
 E = Time spent auto-exploring this place.
 F = Levels seen in this place.
 G = Mean time per level.
                   A        B        C        D        E       F      G
               +--------+--------+--------+--------+--------+-----+--------+
         Total |  11556 |  11258 |    298 |   4292 |   4895 |  11 | 1050.5 |
       Dungeon |  10124 |   9890 |    234 |   3510 |   4812 |   9 | 1124.9 |
        Temple |    146 |     83 |     63 |      0 |     67 |   1 |  146.0 |
        Bailey |   1286 |   1286 |      0 |    782 |     16 |   1 | 1286.0 |
               +--------+--------+--------+--------+--------+-----+--------+

Top non-repeatable levels by time:
     D:4: 1671 daAuts
     D:6: 1615 daAuts
     D:2: 1436 daAuts
  Bailey: 1286 daAuts
     D:3: 1177 daAuts
     D:1: 1087 daAuts
     D:5: 901 daAuts
     D:7: 900 daAuts
     D:8: 669 daAuts
     D:9: 664 daAuts
  Temple: 146 daAuts
